 Dungeon Crawl Stone Soup version 0.32-a0-576-g706899e (webtiles) character file.

Game seed: 11529631674000254970

584143 TheFormChanger the Middleweight Champion (level 26, -1/598 HPs)
             Began as a Purple Draconian Shapeshifter on Mar 1, 2024.
             Was the Champion of Wu Jian.
             Slain by a minotaur (6 damage)
             ... spawned from a protean progenitor
             ... on level 1 of the Realm of Zot.
             The game lasted 02:02:53 (62688 turns).

TheFormChanger the Middleweight Champion (DrSh)    Turns: 62688, Time: 02:02:53

Health: -1/598     AC: 24    Str: 35    XL:     26   Next: 2%
Magic:  0/20       EV: 13    Int: 19    God:    Wu Jian [******]
Gold:   5489       SH:  0    Dex: 19    Spells: 16/25 levels left

rFire   . .          .
                       - Unarmed
rCold   + . .        (shield currently unavailable)
rNeg    + + .        (body armour unavailable)
rPois   +            (helmet currently unavailable)
rElec   +            (cloak currently unavailable)
rCorr   +            (gloves currently unavailable)
SInv    +            (boots currently unavailable)
Will    ++++.        X - amulet "Cimoz" {Spirit rElec Will+ Str+2} Stlth
                     j - ring "Qacrooxt" {rC+ rN++ rCorr Str-3 Int+3 SInv}
HPRegen 1.19/turn    k - ring "Liczeth" {rElec Str+6 Int+5}
MPRegen 0.17/turn

%: guardian spirit
@: berserking, dragon-form, flying, slowed
A: dragon claw, dragon scales, flying, boosted hp, nullifying breath, AC +12,
giant, unfitting armour, (cold-blooded), low MP 1
}: 3/15 runes: barnacled, silver, gossamer
a: Nullifying Breath, Begin Untransformation, Renounce Religion, Wall Jump,
Serpent's Lash, Heavenly Storm


You were on level 1 of the Realm of Zot.
You worshipped Wu Jian.
Wu Jian was exalted by your worship.
You were a fearsome quicksilver dragon!
You visited 11 branches of the dungeon, and saw 47 of its levels.
You visited 1 bazaar.
You also visited: Gauntlet, Volcano, Wizlab and Desolation.

You collected 9887 gold pieces.
You spent 4398 gold pieces at shops.

Inventory:

Missiles
 b - 36 javelins
 x - 13 throwing nets
 F - 14 silver javelins
Armour
 c - a +2 pair of gloves of dexterity
 f - a scarf of resistance
Jewellery
 a - a ring of protection from cold
 j - the ring "Qacrooxt" (left foreclaw) {rC+ rN++ rCorr Str-3 Int+3 SInv}
   (You found it on level 2 of the Dungeon)

   [ring of see invisible]

   Str-3:     It affects your strength (-3).
   Int+3:     It affects your intelligence (+3).
   rC+:       It protects you from cold.
   rN++:      It greatly protects you from negative energy.
   SInv:      It lets you see invisible.
   rCorr:     It protects you from acid and corrosion.
 k - the ring "Liczeth" (right foreclaw) {rElec Str+6 Int+5}
   (You took it off a yaktaur on level 3 of the Vaults)

   [ring of strength]

   Str+6:     It affects your strength (+6).
   Int+5:     It affects your intelligence (+5).
   rElec:     It insulates you from electricity.
 Q - the ring "Yxte" {rElec rF+ rC- Will++ Str+3}
   (You took it off an imperial myrmidon in the Desolation of Salt)

   [ring of protection from fire]

   Str+3:     It affects your strength (+3).
   rF+:       It protects you from fire.
   rC-:       It makes you vulnerable to cold.
   rElec:     It insulates you from electricity.
   Will++:    It greatly increases your willpower.
 W - the amulet "Niseso" {Faith Regen+ Int+5}
   (You found it on level 14 of the Dungeon)

   [amulet of faith]

   Faith:     It allows you to gain divine favour quickly.
   Int+5:     It affects your intelligence (+5).
   Regen+:    It increases your rate of health regeneration.
 X - the amulet "Cimoz" (around neck) {Spirit rElec Will+ Str+2}
   (You took it off a deep elf demonologist on level 3 of the Elven Halls)

   [amulet of guardian spirit]

   Spirit:    It causes incoming damage to be divided between your reserves of
   health and magic.
   Str+2:     It affects your strength (+2).
   rElec:     It insulates you from electricity.
   Will+:     It increases your willpower.
Talismans
 A - a granite talisman
 V - a dragon-blood talisman (active)
Wands
 i - a wand of digging (19)
 n - a wand of quicksilver (23)
 E - a wand of warping (77) (quivered)
Scrolls
 d - 20 scrolls of teleportation
 h - 8 scrolls of brand weapon
 l - 4 scrolls of butterflies
 m - 11 scrolls of enchant armour
 o - 8 scrolls of blinking
 q - 4 scrolls of amnesia
 t - 5 scrolls of immolation
 u - 4 scrolls of poison
 y - 7 scrolls of fog
 z - 6 scrolls of revelation
 C - 13 scrolls of enchant weapon
 L - 7 scrolls of fear
 S - 4 scrolls of silence
Potions
 e - 12 potions of haste
 g - 12 potions of might
 r - 8 potions of ambrosia
 s - 3 potions of resistance
 v - 13 potions of lignification
 H - 3 potions of cancellation
 K - 9 potions of enlightenment
 M - 10 potions of heal wounds
 N - 7 potions of attraction
 P - 6 potions of brilliance
 R - 10 potions of mutation
 T - 2 potions of berserk rage
 U - 8 potions of invisibility
 Y - 24 potions of curing
 Z - 4 potions of magic


   Skills:
 O Level 27 Fighting
 - Level 10.0 Dodging
 O Level 27 Unarmed Combat
 - Level 11.0 Translocations
 + Level 25.2 Shapeshifting


You had 16 spell levels left.
You knew the following spells:

 Your Spells              Type           Power      Damage    Failure   Level
e - Passage of Golubria   Tloc           41%        N/A       2%          4
q - Blink                 Tloc           82%        N/A       1%          2
r - Apportation           Tloc           82%        N/A       1%          1
w - Lesser Beckoning      Tloc           82%        N/A       1%          2

Your spell library contained the following spells:

 Spells                   Type           Power      Damage    Failure   Level
 Gell's Gravitas          Tloc           41%        N/A       1%          3
 Teleport Other           Tloc           41%        N/A       1%          3
 Momentum Strike          Conj/Tloc      40%        3d9       3%          2
 Volatile Blastmotes      Fire/Tloc      40%        2d13      6%          3
 Foxfire                  Conj/Fire      0%         2x1d4     21%         1
 Kiss of Death            Conj/Necr      0%         2d5       21%         1
 Magic Dart               Conj           0%         1d3       21%         1
 Necrotise                Necr           0%         1d4       21%         1
 Shock                    Conj/Air       0%         1d3       21%         1
 Slow                     Hex            0%         N/A       21%         1
 Sting                    Conj/Alch      0%         1d3       21%         1
 Summon Small Mammal      Summ           0%         N/A       21%         1
 Vhi's Electric Charge    Tloc/Air       40%        N/A       22%         4
 Call Imp                 Summ           0%         N/A       30%         2
 Cigotuvi's Dreadful Rot  Necr/Alch/Air  0%         N/A       30%         2
 Ensorcelled Hibernation  Hex/Ice        0%         N/A       30%         2
 Mercury Vapours          Alch/Air       0%         N/A       30%         2
 Searing Ray              Conj           0%         2d4       30%         2
 Static Discharge         Conj/Air       0%         3-3/arc   30%         2
 Sublimation of Blood     Necr           0%         N/A       30%         2
 Dispersal                Tloc           20%        N/A       34%         6
 Confusing Touch          Hex            0%         N/A       52%         3
 Dazzling Flash           Conj/Hex       0%         N/A       52%         3
 Mephitic Cloud           Conj/Alch/Air  0%         N/A       52%         3
 Ozocubu's Armour         Ice            0%         N/A       52%         3
 Passwall                 Erth           0%         N/A       52%         3
 Sigil of Binding         Hex            0%         N/A       52%         3
 Summon Ice Beast         Ice/Summ       0%         N/A       52%         3
 Swiftness                Air            0%         N/A       52%         3
 Tukima's Dance           Hex            0%         N/A       52%         3
 Vampiric Draining        Necr           0%         2d6       52%         3
 Summon Forest            Summ/Tloc      10%        N/A       52%         5
 Airstrike                Air            0%         2d(0-16)  90%         4
 Anguish                  Hex/Necr       0%         N/A       90%         4
 Animate Dead             Necr           0%         N/A       90%         4
 Cause Fear               Hex            0%         N/A       90%         4
 Dispel Undead            Necr           0%         3d6       90%         4
 Flame Wave               Conj/Fire      0%         2d4       90%         4
 Fulminant Prism          Conj/Alch      0%         3d5       90%         4
 Ignite Poison            Fire/Alch      0%         N/A       90%         4
 Martyr's Knell           Necr/Summ      0%         N/A       90%         4
 Petrify                  Alch/Erth      0%         N/A       90%         4
 Sticky Flame             Fire/Alch      0%         2d4       90%         4
 Alistair's Intoxication  Alch           0%         N/A       99%         5
 Arcjolt                  Conj/Air       0%         1d10      99%         5
 Borgnjor's Vile Clutch   Necr/Erth      0%         N/A       99%         5
 Curse of Agony           Necr           0%         N/A       99%         5
 Fireball                 Conj/Fire      0%         3d3       99%         5
 Lee's Rapid Deconstruct  Erth           0%         3d4*      99%         5
 Metabolic Englaciation   Hex/Ice        0%         N/A       99%         5
 Silence                  Hex/Air        0%         N/A       99%         5
 Summon Mana Viper        Hex/Summ       0%         N/A       99%         5
 Yara's Violent Unravell  Hex/Alch       0%         3d3       99%         5
 Conjure Ball Lightning   Conj/Air       0%         3x3d6     100%        6
 Death Channel            Necr           0%         N/A       100%        6
 Eringya's Noxious Bog    Alch           0%         4d6       100%        6
 Plasma Beam              Fire/Air       0%         2x1d10    100%        6
 Sculpt Simulacrum        Ice/Alch       0%         N/A       100%        6
 Starburst                Conj/Fire      0%         6d3       100%        6
 Haunt                    Necr/Summ      0%         N/A       100%        7
 Malign Gateway           Summ/Tloc      10%        N/A       100%        7
 Monstrous Menagerie      Summ           0%         N/A       100%        7
 Ozocubu's Refrigeration  Ice            0%         4d7       100%        7
 Summon Hydra             Summ           0%         N/A       100%        7
 Ignition                 Fire           0%         3d3       100%        8
 Infestation              Necr           0%         N/A       100%        8
 Lehudib's Crystal Spear  Conj/Erth      0%         10d2      100%        8
 Maxwell's Capacitive Co  Air            0%         ∞         100%        8
 Summon Horrible Things   Summ           0%         N/A       100%        8
 Chain Lightning          Conj/Air       0%         N/A       100%        9
 Death's Door             Necr           0%         N/A       100%        9
 Dragon's Call            Summ           0%         N/A       100%        9
 Fire Storm               Conj/Fire      0%         5d1       100%        9
 Polar Vortex             Ice            0%         N/A       100%        9


Dungeon Overview and Level Annotations

Branches:
Dungeon (15/15) Zot: 24503  Temple (1/1) D:7 Zot: 5965    Lair (5/5) D:9 Zot: 23842
 Shoals (4/4) Lair:2 Zot: 18114  Spider (4/4) Lair:3 Zot: 19373   Slime (0/5) Lair:4
    Orc (2/2) D:9 Zot: 10125     Elf (3/3) Orc:2 Zot: 13655  Vaults (5/5) D:13 Zot: 19344
  Crypt (3/3) Vaults:2 Zot: 14255    Tomb (0/3) Crypt:3      Depths (4/4) D:15 Zot: 19007
    Zot (1/5) Depths:4 Zot: 5970 Volcano (visited)          WizLab (visited)
Desolation (visited)      Gauntlet (visited)

Altars:
Ashenzari
Cheibriados
Dithmenos
Elyvilon
Fedhas
Gozag
Hepliaklqana
Kikubaaqudgha
Makhleb
Nemelex Xobeh
Okawaru
Qazlal
Ru
Sif Muna
Trog
Uskayaw
Vehumet
Wu Jian
Xom
Yredelemnul
Zin
The Shining One
Beogh
Jiyva
Lugonu

Shops:
D:11 [   D:15 (   Orc:2 *[=   Elf:1 *   Elf:2 ([*:   Vaults:2 (   Vaults:3 =
Depths:1 !(

Portals:
Hell: Depths:1 Depths:2 Depths:3 Depths:4
Abyss: Depths:2 Depths:3 Depths:4
Pandemonium: Orc:2 Depths:2
Ziggurat: Depths:4
Trove: Elf:1 (show abyssal rune of Zot)


Innate Abilities, Weirdness & Mutations

You are a fearsome quicksilver dragon!
You have a powerful clawing attack.
Your giant scaled body is strong and resilient, but less evasive.
Your breath weapon is enhanced in this form.
You are flying.
Your maximum health is greatly increased.
Your armour is entirely melded.
You are incapable of wielding weapons or throwing items.
You can breathe blasts of antimagic.
Your rich purple scales are hard. (AC +12)
You cannot fit into any form of body armour.
((You are cold-blooded and may be slowed by cold attacks.))
Your magical capacity is low. (-10% MP)


Message History

The purple draconian shifter blinks!
The purple draconian shifter gestures at you while chanting.
The black draconian blinks!
The purple draconian shifter blinks!
You see here a +0 scimitar.
You spin and attack the death cob repeatedly.
You maul the death cob!!!!
You destroy the death cob!
The Council accepts your kill.
You spin and attack the black draconian repeatedly.
You claw the black draconian!
The black draconian is lightly wounded.
You maul the black draconian!!!!
You kill the black draconian!
The Council accepts your kill.
You spin and attack the purple draconian shifter repeatedly.
You bite the purple draconian shifter!!
You kill the purple draconian shifter!
The Council accepts your kill. The minotaur hits you!!
* * * LOW HITPOINT WARNING * * *
The minotaur gores you.
* * * LOW HITPOINT WARNING * * *
You have reached level 26!
You take 33 HP, and have [38/598] HP; You lose 1MP, and have [1/20] MP You lunge at the purple draconian shifter, in a flurry of attacks.
You maul the purple draconian shifter!!!!!
You kill the purple draconian shifter!
The Council accepts your kill.
You maul the minotaur!!!
You tail-slap the minotaur. Your bite misses the minotaur.
The minotaur is almost dead.
The minotaur hits you!!!
* * * LOW HITPOINT WARNING * * *
The minotaur gores you but does no damage.
You take 35 HP, and have [4/598] HP; You lose 1MP, and have [0/20] MP You barely miss the minotaur.
The minotaur furiously retaliates!
The minotaur headbutts you, but does no damage.
The minotaur is almost dead.
The minotaur closely misses you. The minotaur gores you!
You die...

......?##
#.#.†..##
#....)..# .
###..∩..# #
...###..††..#..#.
......)†)[.......
...###..))##...#.
........)H)....#.
.........D.......
.........).....#.
..#####...###..#
. .....# ..#
......# .#
........# #
........#
........#


You could see a minotaur (fast, strong).

Vanquished Creatures
  An ancient lich (Crypt:1)
  Mennas (Crypt:1)
  Mara (Spider:3)
  A juggernaut (Depths:3)
  Bai Suzhen (Vaults:2)
  Margery (Depths:3)
  Jory (Crypt:3)
  4 golden dragons
  Nikola (Spider:3)
  the Enchantress (Depths:3)
  Arachne (Spider:2)
  2 shard shrike zombies
  10 tentacled monstrosities
  The ghost of Qacefab the Warrior, an adept MiFi of Gozag (Depths:1)
  Mlioglotl (Shoals:1)
  2 liches
  2 titans (Vaults:5)
  A deep elf blademaster (Elf:2)
  2 deep elf master archers (Elf:3)
  A searing wretch (Depths:3)
  4 quicksilver dragons
  7 sphinxes
  3 death cobs (Zot:1)
  11 ancient champions
  A kraken (Shoals:3)
  6 tengu reavers
  5 shadow dragons
  A protean progenitor (Zot:1)
  A revenant (Crypt:3)
  7 storm dragons
  Donald (Orc:2)
  Roxanne (Spider:3)
  9 fire giants
  3 imperial myrmidons (Desolation)
  12 deep elf sorcerers
  2 draconian shifters (Zot:1)
  9 frost giants
  3 iron dragons
  A caustic shrike zombie (WizLab)
  A reaper (Crypt:2)
  21 vault wardens
  6 ghost moths
  24 ironbound preservers
  A juggernaut zombie (Crypt:3)
  Louise (Shoals:2)
  3 deep elf elementalists (Elf:3)
  A draconian stormcaller (Depths:4)
  2 draconian annihilators
  3 emperor scorpions
  4 curse skulls
  6 broodmothers
  4 orc warlords
  A balrug (Depths:2)
  3 ghouls
  A juggernaut skeleton (Depths:3)
  4 spriggan defenders
  2 caustic shrike skeletons
  21 very ugly things
  3 formless jellyfish
  18 vampire knights
  5 ironbound thunderhulks
  11 deep elf death magi
  2 black draconians (Zot:1)
  11 stone giants
  A lorocyproca (Depths:1)
  A war gargoyle (Vaults:5)
  6 halazid warlocks
  A rockslime zombie (Crypt:3)
  9 deep elf demonologists
  A spectral titan (WizLab)
  3 purple draconians
  2 yellow draconians
  3 white draconians
  A red draconian (Depths:4)
  Azrael (Elf:2)
  A minotaur (Gauntlet)
  10 deep elf annihilators
  5 spark wasps
  14 dire elephants
  7 eidola
  6 fire dragons
  30 jiangshi
  A quicksilver dragon zombie (WizLab)
  3 crystal guardians (Desolation)
  19 merfolk impalers
  12 merfolk javelineers
  9 deep elf high priests
  8 ettins
  24 yaktaur captains
  6 ragged hierophants (Desolation)
  5 entropy weavers
  4 spriggan zombies
  The ghost of Radamante the Cleaver, a journeyman MDFi of the Shining One (D:12)
  A caustic shrike simulacrum (Depths:3)
  6 ice dragons
  3 rakshasas
  36 vault guards
  4 peacekeepers (Desolation)
  2 hydras
  6 great orbs of eyes
  A merfolk avatar (Shoals:2)
  3 hell beasts
  2 ogre magi
  6 servants of whispers (Desolation)
  2 jorogumos
  3 demonspawn (Orc:2)
  A catoblepas (Lair:5)
  A spriggan skeleton (Depths:1)
  6 spriggan air magi
  14 centaur warriors
  An alligator snapping turtle (Shoals:4)
  2 death knights
  8 ironbound frosthearts
  8 boulder beetles
  30 dancing weapons
  A satyr (shapeshifter) (Vaults:5)
  9 tengu warriors
  A sphinx skeleton (Crypt:2)
  8 merfolk aquamancers
  10 two-headed ogres
  2 radroaches
  6 deep troll shamans
  8 death yaks (Lair:5)
  3 satyrs
  A hell hog (Depths:4)
  18 vampire magi
  2 occultists (Volcano)
  Urug (Lair:1)
  6 deep troll earth magi
  7 demonic crawlers
  5 orc high priests (Orc:2)
  An emperor scorpion zombie (Crypt:1)
  4 hell knights
  A naga warrior (D:12)
  5 sun demons (Shoals:1)
  17 deep elf knights
  Nergalle (Lair:1)
  A fire crab (shapeshifter) (Elf:2)
  3 spriggan berserkers
  A titan skeleton (Crypt:1)
  7 skysharks
  3 soul eaters
  A sixfirhy (Orc:2)
  A spectral death yak (Lair:5)
  6 pharaoh ants
  Amaemon (D:10)
  30 skeletal warriors
  2 glowing orange brains
  A shadow demon (Depths:1)
  A deep troll (shapeshifter) (Depths:2)
  8 shadow wraiths
  A mana viper (shapeshifter) (Vaults:3)
  A spectral anaconda (Lair:5)
  A sea snake (shapeshifter) (Vaults:4)
  53 deep trolls
  2 golden dragon zombies (Crypt:3)
  4 iron trolls
  A spectral spark wasp (WizLab)
  6 flayed ghosts
  An orb spider (shapeshifter) (Vaults:1)
  2 glowing orange brains (shapeshifter) (Vaults:5)
  5 arcanists
  12 sea snakes
  4 lindwurms
  An obsidian statue (Lair:5)
  3 sun moths
  5 steelbarb worms
  14 deep elf archers
  2 golden dragon skeletons
  A bunyip skeleton (Crypt:1)
  2 bog bodies
  A spectral wolf spider (WizLab)
  10 orb spiders
  4 thermic dynamos
  12 necromancers
  23 harpies
  22 deep elf pyromancers
  17 orc knights
  17 ironbound convokers
  An orange crystal statue (Shoals:2)
  30 phantasmal warriors
  46 deep elf zephyrmancers
  18 wolf spiders
  A shining eye (Gauntlet)
  2 wolf spider zombies (WizLab)
  An oklob plant (Lair:5)
  A spectral spriggan (WizLab)
  A cyclops (shapeshifter) (Depths:2)
  7 orc sorcerers
  4 fire giant zombies (Depths:1)
  38 ugly things
  17 fauns
  21 manticores
  A human zombie (Vaults:4)
  A manticore (shapeshifter) (Vaults:1)
  A sphinx simulacrum (Depths:3)
  5 toenail golems (Volcano)
  A faun (shapeshifter) (Depths:4)
  A meliai (shapeshifter) (Vaults:5)
  2 stone giant skeletons (Crypt:3)
  8 cyclopes
  12 moths of wrath
  19 elephants
  An ugly thing (shapeshifter) (Depths:4)
  A guardian serpent (shapeshifter) (Vaults:1)
  A meliai (D:9)
  A kobold blastminer (Orc:2)
  6 merfolk sirens
  2 black mambas (shapeshifter) (D:14)
  A frost giant skeleton (Depths:1)
  A centaur zombie (Crypt:3)
  4 guardian serpents (Desolation)
  3 molten gargoyles (Desolation)
  14 water nymphs
  20 vault sentinels
  An iron dragon skeleton (Crypt:1)
  2 torpor snails
  2 smoke demons (Depths:2)
  An orange demon (D:9)
  An alligator snapping turtle zombie (Crypt:3)
  A shock serpent skeleton (Crypt:2)
  A storm dragon simulacrum (Crypt:3)
  2 gargoyles
  8 cane toads
  A dire elephant skeleton (Lair:5)
  A moth of wrath (shapeshifter) (Vaults:5)
  7 black mambas
  3 rime drakes
  4 kobold demonologists
  3 efreet
  2 unseen horrors
  A green draconian zombie (Crypt:3)
  A guardian mummy (Crypt:1)
  9 komodo dragons
  A yaktaur (shapeshifter) (D:9)
  5 freezing wraiths
  An ice devil (Orc:2)
  A tengu conjurer (Depths:1)
  40 yaktaurs
  7 trolls
  2 harpy zombies
  3 polar bears
  A shadow dragon simulacrum (Vaults:4)
  3 spectral harpies (WizLab)
  6 hornets
  10 wind drakes
  50 saltlings (Desolation)
  47 merfolk
  4 glass eyes
  A hydra skeleton (Crypt:1)
  21 tarantellas
  A satyr zombie (Crypt:1)
  A frost giant simulacrum (Vaults:4)
  4 dream sheep (Shoals:1)
  26 jumping spiders
  39 slime creatures
  11 snapping turtles
  15 air elementals
  13 culicivoras
  2 shadows
  A snapping turtle (shapeshifter) (Elf:2)
  24 vampires
  2 dire elephant simulacra (Crypt:1)
  10 wraiths
  An ettin zombie (Crypt:3)
  3 spriggans
  4 wyverns
  38 water elementals
  A black mamba zombie (Crypt:1)
  6 humans
  A black mamba skeleton (Crypt:1)
  7 fire elementals
  2 basilisks
  An alligator snapping turtle simulacrum (Crypt:1)
  A steam dragon (Lair:3)
  50 yaks
  3 death yak simulacra (Lair:5)
  54 redbacks
  2 swamp worms (Lair:1)
  4 spectral cane toads (Lair:5)
  A glowing shapeshifter zombie (Vaults:4)
  3 swamp worms (shapeshifter)
  A water nymph zombie (Crypt:3)
  5 naga zombies
  12 water moccasins
  An acid dragon (D:10)
  3 hell hounds (Elf:2)
  A hydra simulacrum (Crypt:3)
  A merfolk skeleton (Crypt:2)
  A faun skeleton (Crypt:2)
  2 ice beasts
  30 orc warriors
  A sky beast (D:6)
  A lindwurm zombie (Crypt:1)
  18 laughing skulls
  2 elephant skeletons (Lair:5)
  2 elephant zombies (Lair:5)
  7 boggarts (D:15)
  8 ogres
  18 wolves
  6 centaurs
  A hog zombie (Crypt:3)
  A human skeleton (Vaults:4)
  3 phantoms
  4 kobold brigands
  2 yaktaur skeletons (Crypt:3)
  11 bullfrogs
  2 gnoll sergeants
  2 earth elementals
  3 scorpions (D:6)
  3 cane toad simulacra (Lair:5)
  A water moccasin zombie (Crypt:1)
  A warg skeleton (Crypt:2)
  6 wights
  An elephant simulacrum (Lair:5)
  3 killer bees (D:10)
  10 electric eels
  A polar bear skeleton (Crypt:1)
  4 howler monkeys
  A bombardier beetle (D:6)
  A wolf skeleton (Crypt:2)
  A black bear zombie (Crypt:2)
  3 hounds
  23 orc priests
  5 jellies
  2 sleepcaps
  Crazy Yiuf (D:7)
  A gnoll bouda (D:10)
  5 iguanas
  17 orc wizards
  A tengu zombie (Crypt:2)
  A naga skeleton (Crypt:2)
  A hound skeleton (Crypt:1)
  9 mummies (Crypt:1)
  Robin (D:1)
  3 adders
  10 gnolls
  3 white imps
  2 ribbon worms
  6 dart slugs
  75 orcs
  7 ball pythons
  8 endoplasms
  7 giant cockroaches
  18 goblins
  10 hobgoblins
  5 quokkas
  3 training dummies (D:15)
  A ball python zombie (Crypt:3)
  5 bats
  An endoplasm zombie (Crypt:3)
  6 frilled lizards
  A jackal skeleton (Crypt:3)
  27 kobolds
  2 rats
  A rat skeleton (Crypt:1)
  An aspiring flesh (Zot:1)
  2 spectral weapons
  5 tentacles (Shoals:3)
2372 creatures vanquished.

Vanquished Creatures (collateral kills)
  A yak (Lair:5)
  2 wolves (Lair:5)
3 creatures vanquished.

Vanquished Creatures (others)
  A deep elf blademaster (Elf:3)
  A spectral death yak (Lair:5)
  A sea snake (Shoals:4)
  A deep elf zephyrmancer (Elf:1)
  Maurice (D:7)
  A water nymph (Shoals:4)
  A yaktaur (Vaults:3)
  A saltling (Desolation)
  An air elemental (Shoals:4)
  A yak (Lair:5)
  2 laughing skulls (WizLab)
  An ogre (D:5)
  4 tentacles (Shoals:3)
17 creatures vanquished.

Grand Total: 2392 creatures vanquished

Notes
Turn   | Place    | Note
-------+----------+-------------------------------------------
     0 | D:1      | TheFormChanger the Draconian Shapeshifter began the quest
                  | for the Orb.
     0 | D:1      | Reached XP level 1. HP: 16/16 MP: 1/1
    75 | D:1      | Reached XP level 2. HP: 24/24 MP: 2/2
   523 | D:1      | Reached XP level 3. HP: 28/30 MP: 3/3
   761 | D:2      | Noticed Robin
   828 | D:1      | Killed Robin
  1234 | D:2      | Reached XP level 4. HP: 38/38 MP: 4/4
  1248 | D:2      | Identified the ring "Qacrooxt" {rC+ rN++ rCorr Str-3 Int+3
                  | SInv}
  1360 | D:2      | Found a faded altar of an unknown god.
  2346 | D:3      | Found Hunixyepp's Magic Scroll Boutique.
  2386 | D:3      | Bought a scroll of identify for 24 gold pieces
  2424 | D:3      | Bought a scroll of identify for 24 gold pieces
  2511 | D:3      | Found a sparkling altar of Nemelex Xobeh.
  2635 | D:4      | Reached XP level 5. HP: 16/45 MP: 5/5
  2712 | D:4      | Found a broken altar of Ashenzari.
  2718 | D:4      | Reached skill level 5 in Shapeshifting
  2756 | D:4      | Found a hazy altar of Hepliaklqana.
  3066 | D:4      | Found an opulent altar of Gozag.
  3402 | D:5      | Entered Level 5 of the Dungeon
  3402 | D:5      | Noticed an ogre
  3424 | D:5      | Killed an ogre
  3593 | D:5      | Reached XP level 6. HP: 20/51 MP: 6/6
  4053 | D:5      | Noticed a water moccasin
  4061 | D:5      | Killed a water moccasin
  4167 | D:5      | Found an ancient bone altar of Kikubaaqudgha.
  4349 | D:6      | Your scales start taking on a rich purple colour.
  4349 | D:6      | Reached XP level 7. HP: 43/57 MP: 7/7
  5101 | D:6      | Reached XP level 8. HP: 17/63 MP: 8/8
  5629 | D:6      | Identified the +5 mace "Halax" {drain, rF+ Str+5 Dex-3}
  5697 | D:6      | Found a white marble altar of Elyvilon.
  5710 | D:6      | Found a sacrificial altar of Ru.
  5976 | D:7      | Found a staircase to the Ecumenical Temple.
  6033 | Temple   | Entered the Ecumenical Temple
  6050 | Temple   | Became a worshipper of the Wu Jian Council
  6145 | D:7      | Reached skill level 10 in Shapeshifting
  6174 | D:7      | Reached XP level 9. HP: 21/73 MP: 9/9
  6503 | D:7      | Reached skill level 5 in Fighting
  6650 | D:7      | Reached skill level 5 in Unarmed Combat
  6879 | D:7      | Noticed Maurice
  6896 | D:7      | Killed Maurice
  7147 | D:7      | Found a runed translucent door.
  7148 | D:7      | Noticed Crazy Yiuf
  7305 | D:7      | Killed Crazy Yiuf
  7472 | D:8      | Noticed a kobold demonologist
  7480 | D:8      | Noticed an orange demon
  7481 | D:8      | Noticed a red devil
  7482 | D:8      | Killed a kobold demonologist
  7577 | D:8      | Noticed a two-headed ogre
  7583 | D:8      | Killed a two-headed ogre
  7683 | D:8      | Reached * piety under Wu Jian
  7688 | D:8      | Reached XP level 10. HP: 90/90 MP: 10/10
  8197 | D:9      | Found an iron altar of Okawaru.
  8298 | D:9      | Reached skill level 10 in Fighting
  8420 | D:9      | Identified the +1 flail of the Messenger {freeze, rF+ Str-4
                  | Dex+6 Stlth+}
  8460 | D:9      | Found a viscous altar of Jiyva.
  8481 | D:9      | Found a bloodstained altar of Trog.
  8535 | D:9      | Found a roughly hewn altar of Beogh.
  8546 | D:9      | Reached ** piety under Wu Jian
  8628 | D:9      | Found a staircase to the Orcish Mines.
  8638 | D:9      | Found a basalt altar of Yredelemnul.
  8748 | D:9      | Found a staircase to the Lair.
  9084 | D:9      | Noticed a cyclops
  9091 | D:9      | Killed a cyclops
  9092 | D:9      | Reached skill level 10 in Unarmed Combat
  9271 | D:9      | Noticed a tengu warrior
  9271 | D:9      | Noticed a skeletal warrior
  9279 | D:9      | Killed a skeletal warrior
  9285 | D:9      | Reached *** piety under Wu Jian
  9286 | D:9      | Reached XP level 11. HP: 96/99 MP: 11/11
  9292 | D:9      | Killed a tengu warrior
  9439 | D:9      | Noticed a centaur warrior
  9446 | D:9      | Killed a centaur warrior
  9447 | D:9      | Reached skill level 5 in Dodging
  9634 | D:9      | Noticed a death knight
  9643 | D:9      | Killed a death knight
 10281 | D:10     | Entered Level 10 of the Dungeon
 10283 | D:10     | Noticed Amaemon
 10348 | D:10     | Killed Amaemon
 10719 | D:10     | Found a blossoming altar of Fedhas.
 10806 | D:10     | Noticed a two-headed ogre
 10812 | D:10     | Killed a two-headed ogre
 11013 | D:10     | Noticed a two-headed ogre
 11023 | D:10     | Killed a two-headed ogre
 11353 | Lair:1   | Entered Level 1 of the Lair of Beasts
 11363 | Lair:1   | Reached XP level 12. HP: 88/106 MP: 12/12
 11435 | Lair:1   | Reached **** piety under Wu Jian
 11469 | Lair:1   | Noticed Nergalle
 11475 | Lair:1   | Killed Nergalle
 11748 | Lair:1   | Noticed Urug
 11756 | Lair:1   | Killed Urug
 12663 | Lair:2   | Found a staircase to the Shoals.
 13404 | Lair:3   | Reached skill level 15 in Shapeshifting
 13473 | Lair:3   | Noticed an eight-headed hydra
 13502 | Lair:3   | Killed an eight-headed hydra
 14164 | Lair:3   | Found a hole to the Spider Nest.
 14517 | Lair:4   | Reached XP level 13. HP: 113/113 MP: 13/13
 14794 | Lair:4   | Found a viscous altar of Jiyva.
 14797 | Lair:4   | Found a staircase to the Slime Pits.
 15320 | Lair:5   | Entered Level 5 of the Lair of Beasts
 15325 | Lair:4   | Reached ***** piety under Wu Jian
 15417 | Lair:5   | Found a gate leading to a gauntlet.
 15461 | Lair:5   | Found a dark tunnel.
 15469 | Volcano  | Entered a volcano
 15701 | Gauntlet | Entered a Gauntlet
 15701 | Gauntlet | Found a transporter.
 15710 | Gauntlet | Found a transporter.
 15712 | Gauntlet | Found a transporter.
 15724 | Gauntlet | Found a transporter.
 15727 | Gauntlet | Found a runed translucent door.
 15728 | Gauntlet | Found a runed translucent door.
 15731 | Gauntlet | Found a transporter.
 15753 | Gauntlet | Found a transporter.
 15763 | Gauntlet | Found a transporter.
 15774 | Gauntlet | Found a transporter.
 15793 | Gauntlet | Found a transporter.
 15807 | Gauntlet | Found a transporter.
 15809 | Gauntlet | Found a transporter.
 15865 | Gauntlet | Found a transporter.
 15866 | Gauntlet | Found a transporter.
 16014 | Gauntlet | Gained mutation: Your magical capacity is low. (-10% MP) [a
                  | shining eye]
 16025 | Gauntlet | Found a transporter.
 16083 | Gauntlet | Identified the +1 cloak "Lelyl" {^Contam rElec Str+6
                  | Stlth+}
 16084 | Gauntlet | Identified the amulet of Tusem {Faith Harm rF+ Int+3}
 16108 | Gauntlet | Identified the +7 great sword of Callousness {venom, rN+}
 16108 | Gauntlet | Noticed a minotaur
 16111 | Gauntlet | Killed a minotaur
 16145 | Lair:5   | Reached XP level 14. HP: 130/130 MP: 12/12
 17063 | Lair:5   | Reached ****** piety under Wu Jian
 17064 | Lair:5   | Reached skill level 15 in Fighting
 17790 | Orc:1    | Entered Level 1 of the Orcish Mines
 18067 | Orc:2    | Entered Level 2 of the Orcish Mines
 18360 | Orc:2    | Found Goh Gaaf's Magic Scroll Emporium.
 18694 | Orc:2    | Noticed Donald
 18704 | Orc:2    | Killed Donald
 18715 | Orc:2    | Found a staircase to the Elven Halls.
 18845 | Orc:2    | Found Cinyt's General Store.
 18963 | Orc:2    | Bought a scroll of teleportation for 51 gold pieces
 18963 | Orc:2    | Bought a scroll of teleportation for 51 gold pieces
 18963 | Orc:2    | Bought a scroll of immolation for 68 gold pieces
 18963 | Orc:2    | Bought a scroll of identify for 34 gold pieces
 18963 | Orc:2    | Bought a scroll of amnesia for 68 gold pieces
 18963 | Orc:2    | Bought a scroll of fear for 68 gold pieces
 18963 | Orc:2    | Bought a scroll of fog for 68 gold pieces
 18963 | Orc:2    | Bought a scroll of enchant armour for 127 gold pieces
 18963 | Orc:2    | Bought a scroll of silence for 161 gold pieces
 18963 | Orc:2    | Bought a scroll of teleportation for 51 gold pieces
 18970 | Orc:2    | Bought a potion of might for 44 gold pieces
 18970 | Orc:2    | Bought a scroll of identify for 22 gold pieces
 18970 | Orc:2    | Bought a scroll of fog for 44 gold pieces
 18970 | Orc:2    | Bought a potion of lignification for 33 gold pieces
 19135 | Orc:2    | Reached XP level 15. HP: 141/141 MP: 13/13
 19152 | Orc:2    | Reached skill level 15 in Unarmed Combat
 19152 | Orc:2    | Found Heze's Jewellery Shop.
 19152 | Orc:2    | Found Sueff's Antique Armour Boutique.
 19152 | Orc:2    | Found a one-way gate leading to the halls of Pandemonium.
 19663 | D:11     | Found Reliug's Antique Armour Emporium.
 19857 | D:11     | Learned a level 2 spell: Lesser Beckoning
 20307 | D:12     | Found a runed translucent gate.
 20307 | D:12     | Found a runed translucent gate.
 20307 | D:12     | Found a runed translucent gate.
 20310 | D:12     | Noticed Radamante's ghost (journeyman MDFi)
 21017 | D:12     | Found an iron altar of Okawaru.
 21057 | D:12     | Killed Radamante's ghost
 21365 | D:13     | Identified a scroll of acquirement
 21562 | D:13     | Found a gate to the Vaults.
 21635 | D:13     | Reached skill level 10 in Dodging
 22065 | D:14     | Identified the amulet "Niseso" {Faith Regen+ Int+5}
 22417 | D:15     | Entered Level 15 of the Dungeon
 22727 | D:15     | Found a staircase to the Depths.
 23055 | D:15     | Found Ulaxeil's Firing Range.
 23200 | D:15     | Found a sparkling altar of Nemelex Xobeh.
 24062 | D:3      | Bought a scroll of revelation for 90 gold pieces
 24062 | D:3      | Bought a scroll of enchant armour for 90 gold pieces
 24062 | D:3      | Bought a scroll of enchant armour for 90 gold pieces
 24062 | D:3      | Bought a scroll of amnesia for 48 gold pieces
 24062 | D:3      | Bought a scroll of blinking for 90 gold pieces
 24062 | D:3      | Bought 3 scrolls of amnesia for 144 gold pieces
 24387 | Shoals:1 | Entered Level 1 of the Shoals
 24399 | Shoals:1 | Reached XP level 16. HP: 149/149 MP: 14/14
 25283 | Shoals:1 | Noticed Mlioglotl
 25292 | Shoals:1 | Killed Mlioglotl
 25853 | Shoals:2 | Found a transporter.
 25892 | Shoals:2 | Found the ring of Shadows {Umbra +Inv Stlth+}
 25893 | Shoals:2 | Found a transporter.
 26684 | Shoals:2 | Noticed Louise
 26696 | Shoals:2 | Killed Louise
 27015 | Shoals:2 | Identified the +2 fire dragon scales of Devotion {+Inv rF++
                  | rC- Int+3}
 27268 | Shoals:3 | Identified the +2 leather armour "Yxkadgh" {-Tele Harm
                  | rF+++}
 27363 | Shoals:3 | Noticed a kraken
 27376 | Shoals:3 | Killed a kraken
 27383 | Shoals:3 | Reached XP level 17. HP: 158/160 MP: 15/15
 28170 | Shoals:4 | Entered Level 4 of the Shoals
 28227 | Shoals:4 | Paralysed by an air elemental for 1 turns
 28525 | Shoals:4 | Paralysed by an air elemental for 1 turns
 28881 | Shoals:4 | Paralysed by an air elemental for 1 turns
 29080 | Shoals:4 | Paralysed by an air elemental for 1 turns
 29273 | Shoals:4 | Identified the ring of Odete {Fire Int+6 Dex-2}
 29282 | Shoals:4 | Paralysed by an air elemental for 1 turns
 29543 | Shoals:4 | Got a barnacled rune of Zot
 29555 | Shoals:4 | Got the Tome of the Shot
 29560 | Shoals:4 | Identified the staff of Oily Subterfuge {^Drain rElec rN+
                  | MP+9 Air Alchemy}
 29569 | Shoals:4 | Paralysed by an air elemental for 1 turns
 30348 | D:15     | Bought 5 silver javelins for 585 gold pieces
 30952 | Spider:1 | Entered Level 1 of the Spider Nest
 31390 | Spider:1 | Reached XP level 18. HP: 176/176 MP: 16/16
 32502 | Spider:3 | Noticed Arachne
 32678 | Spider:2 | Killed Arachne
 32905 | Spider:3 | Noticed Mara
 32922 | Spider:3 | Noticed TheFormChanger's illusion
 33010 | Spider:3 | Noticed Roxanne
 33254 | Spider:3 | Killed Roxanne
 33735 | Spider:3 | Noticed TheFormChanger's illusion
 33739 | Spider:3 | Noticed TheFormChanger's illusion
 33744 | Spider:3 | Killed Mara
 33962 | Spider:4 | Entered Level 4 of the Spider Nest
 33962 | Spider:4 | Noticed Nikola
 34327 | Spider:3 | Killed Nikola
 35407 | Spider:4 | Found the +3 hat of Pondering {ponderous, Will+ MP+10
                  | Int+5}
 35409 | Spider:4 | Paralysed by a hornet for 1 turns
 35416 | Spider:4 | Reached XP level 19. HP: 185/185 MP: 17/17
 35468 | Spider:4 | Got a gossamer rune of Zot
 35762 | Elf:1    | Entered Level 1 of the Elven Halls
 36217 | Elf:1    | Paralysed by an air elemental for 1 turns
 36223 | Elf:1    | Found a portal to a secret trove of treasure.
 36585 | Elf:1    | Learned a level 2 spell: Blink
 36587 | Elf:1    | Learned a level 1 spell: Apportation
 36780 | Elf:1    | Found Wiaptuh's Assorted Antiques.
 36785 | Elf:1    | Bought a scroll of identify for 74 gold pieces
 36785 | Elf:1    | Bought 2 potions of curing for 222 gold pieces
 36785 | Elf:1    | Bought a scroll of identify for 74 gold pieces
 36785 | Elf:1    | Bought a scroll of blinking for 277 gold pieces
 36892 | Elf:1    | Reached skill level 1 in Translocations
 36906 | Elf:1    | Got Remnymydgh's Grimoire of Blasting
 36916 | Elf:1    | Learned a level 4 spell: Passage of Golubria
 36966 | Elf:2    | Identified the +7 chain mail of Sin {rF+ Will+ Str+3 Int-4}
 36977 | Elf:2    | Found a runed translucent gate.
 36978 | Elf:2    | Found a runed translucent gate.
 36979 | Elf:2    | Found a runed translucent gate.
 37048 | Elf:2    | Found Feufe's Antique Armour Shoppe.
 37173 | Elf:2    | Paralysed by an air elemental for 1 turns
 37226 | Elf:2    | Found Funil's Assorted Antiques.
 37236 | Elf:2    | Found Vurraf's Weapon Shop.
 37388 | Elf:2    | Bought a potion of cancellation for 216 gold pieces
 37388 | Elf:2    | Bought a potion of heal wounds for 135 gold pieces
 37396 | Elf:2    | Acquired 828 gold pieces
 37457 | Elf:2    | Bought a scroll of enchant weapon for 202 gold pieces
 37486 | Elf:2    | Found Caesux's Book Boutique.
 37851 | Elf:2    | Noticed Azrael
 37857 | Elf:2    | Killed Azrael
 37877 | Elf:2    | Reached skill level 5 in Translocations
 38328 | Elf:3    | Entered Level 3 of the Elven Halls
 39335 | Elf:3    | Reached XP level 20. HP: 193/193 MP: 18/18
 39563 | Elf:3    | Identified the amulet "Cimoz" {Spirit rElec Will+ Str+2}
 39949 | Elf:3    | Identified the +2 rapier of Hepliaklqana's Esteem {freeze,
                  | *Rage rN+ Will+}
 39979 | Elf:3    | Identified the +5 ring mail of Resourcefulness {rPois rF+++
                  | Will- SInv}
 39986 | Elf:3    | Got Sif Muna's Parchment of the Pyromaniac and Erosion
 40032 | Elf:3    | Identified the +7 sling of the Postmodern Scars {antimagic,
                  | rC+ Int+2 Dex+3}
 40335 | Vaults:1 | Entered Level 1 of the Vaults
 42235 | Vaults:1 | Identified the ring of Wishful Thinking {Fire rPois rN++
                  | Will- Int+3}
 42325 | Vaults:2 | Found a flickering gateway to a bazaar.
 42337 | Bazaar   | Entered a bazaar
 42340 | Bazaar   | Found Noeceup's Magic Scroll Emporium.
 42356 | Bazaar   | Found Wouqoept's Armour Shoppe.
 42360 | Bazaar   | Found Akikuotaa's General Store.
 42370 | Bazaar   | Bought the +0 mask of the Dragon {Will+ Slay+3 SInv} for
                  | 367 gold pieces
 42370 | Bazaar   | Found the +0 mask of the Dragon {Will+ Slay+3 SInv}
 42370 | Bazaar   | Bought a scroll of teleportation for 33 gold pieces
 42374 | Bazaar   | Found Kamaol's Antique Armour Shoppe.
 42407 | Bazaar   | Bought a scroll of teleportation for 33 gold pieces
 42407 | Bazaar   | Bought a scroll of fear for 44 gold pieces
 42534 | Vaults:2 | Noticed Bai Suzhen
 42535 | Vaults:2 | Paralysed by a formless jellyfish for 1 turns
 42539 | Vaults:2 | Killed Bai Suzhen
 42549 | Vaults:2 | Reached XP level 21. HP: 174/201 MP: 11/18
 43317 | Vaults:2 | Found a staircase to the Crypt.
 43420 | Vaults:2 | Found the +3 giant club "Skullcrusher" {speed, Str+7}
 43704 | Vaults:2 | Found Pafuogo's Weapon Emporium.
 44141 | Vaults:3 | Found Howeemoso's Jewellery Boutique.
 44236 | Vaults:3 | Identified the ring "Liczeth" {rElec Str+6 Int+5}
 44270 | Vaults:3 | Found a magical portal.
 44277 | WizLab   | Entered Borgnjor's Mausoleum
 45146 | WizLab   | Got Borgnjor's Omnibus of the Tomb
 46802 | Vaults:4 | Reached XP level 22. HP: 211/211 MP: 13/19
 46851 | Vaults:4 | Found a crumbling gateway.
 46891 | Desolati | Entered the Desolation of Salt
 47122 | Desolati | Got Lah Bun's Information on the Liminal Tropics
 47168 | Desolati | Reached skill level 10 in Translocations
 47200 | Desolati | Identified the +5 battleaxe of Foolhardiness {elec, rPois
                  | Dex+2}
 47200 | Desolati | Identified the ring "Yxte" {rElec rF+ rC- Will++ Str+3}
 47686 | Desolati | Got Dij Luokh's Almanac of Malisons and the Birds
 47688 | Desolati | Got the Dissertation on Spelunking
 50025 | Vaults:5 | Entered Level 5 of the Vaults
 50049 | Vaults:5 | Noticed a golden dragon
 50050 | Vaults:5 | Identified the +4 robe of the Weaver {Slay+2}
 50051 | Vaults:5 | Reached XP level 23. HP: 120/228 MP: 7/20
 50923 | Vaults:5 | Identified the +0 leather armour "Eregies" {rC+}
 51779 | Vaults:5 | Identified the +2 ring mail of Responsibility {Dex+3
                  | Stlth+}
 51898 | Vaults:5 | Got a silver rune of Zot
 52010 | Vaults:5 | Found the crystal ball of Wucad Mu {*channel}
 53465 | Crypt:1  | Entered Level 1 of the Crypt
 53911 | Crypt:1  | Noticed an ancient lich
 53921 | Crypt:1  | Killed an ancient lich
 54132 | Crypt:1  | Noticed Mennas
 54145 | Crypt:1  | Killed Mennas
 54155 | Crypt:1  | Reached XP level 24. HP: 242/242 MP: 16/20
 55525 | Crypt:3  | Entered Level 3 of the Crypt
 56367 | Crypt:3  | Found a staircase to the Tomb.
 56705 | Crypt:3  | Got the Spellbook of the Dead
 57081 | Crypt:3  | Noticed Jory
 57087 | Crypt:3  | Killed Jory
 57188 | Crypt:3  | Identified the ring "Rumeixto" {MP+9 Int+2}
 57208 | Crypt:3  | Acquired 1045 gold pieces
 57509 | Depths:1 | Entered Level 1 of the Depths
 57711 | Depths:1 | Found Aseymin's Distillery.
 57719 | Depths:1 | Bought a potion of curing for 57 gold pieces
 57719 | Depths:1 | Bought a potion of curing for 57 gold pieces
 57719 | Depths:1 | Bought a potion of curing for 57 gold pieces
 57719 | Depths:1 | Bought a potion of attraction for 57 gold pieces
 57719 | Depths:1 | Bought a potion of lignification for 57 gold pieces
 57719 | Depths:1 | Bought a potion of lignification for 57 gold pieces
 57719 | Depths:1 | Bought a potion of magic for 152 gold pieces
 57719 | Depths:1 | Bought a potion of mutation for 152 gold pieces
 57740 | Depths:1 | Found a runed translucent door.
 58214 | Depths:1 | Found Zuananec's Weapon Shop.
 58407 | Depths:1 | Found a gateway to Hell.
 58762 | Depths:1 | Noticed Qacefab's ghost (adept MiFi)
 58773 | Depths:1 | Killed Qacefab's ghost
 58778 | Depths:1 | Identified the +0 leather armour of the Arcane {Regen+}
 58825 | Depths:2 | Reached XP level 25. HP: 249/249 MP: 16/20
 59422 | Depths:2 | Found a one-way gate to the infinite horrors of the Abyss.
 60197 | Depths:3 | Noticed a juggernaut
 60208 | Depths:3 | Killed a juggernaut
 60237 | Depths:3 | Identified the +2 quarterstaff of a sewer {antimagic, rPois
                  | Str+4}
 60390 | Depths:3 | Noticed the Enchantress
 60399 | Depths:3 | Reached skill level 27 in Unarmed Combat
 60401 | Depths:3 | Killed the Enchantress
 60750 | Depths:3 | Noticed Margery
 60766 | Depths:3 | Killed Margery
 61199 | Depths:4 | Entered Level 4 of the Depths
 61435 | Depths:4 | Found a one-way gateway to a ziggurat.
 61983 | Depths:4 | Found a gate to the Realm of Zot.
 62485 | Depths:4 | Found a corrupted altar of Lugonu.
 62649 | Zot:1    | Entered Level 1 of the Realm of Zot
 62667 | Zot:1    | Reached skill level 27 in Fighting
 62686 | Zot:1    | Reached XP level 26. HP: 38/266 MP: 1/20
 62687 | Zot:1    | HP: 4/598 [minotaur[a protean progenitor] (35)]
 62688 | Zot:1    | Slain by a minotaur

Illustrated notes

Levels and vault maps discovered:
D:1:      dpeg_arrival_oval, layout_basic, minmay_misc_feat_x, hex_medium
D:2:      layout_loops_corners, hellmonk_ecumenical_altar_prayer_group,
          nicolae_concentric_dashed_squares_mild, uniq_robin
D:3:      layout_basic, nemelex_diamond_rough_becter, serial_shops,
          nicolae_shop_tiny_glass
D:4:      layout_rooms, nicolae_hepliaklqana_hazy_memory,
          grunt_gozag_breadcrumbs, ashenzari_altar_1
D:5:      layout_cave_pools, mainiacjoe_overflow_alcove_4, lemuel_flamethrower_2
D:6:      layout_basic, jmf_multi_god_temple2,
          serial_library_hellmonk_layered_room
D:7:      layout_loops_ring, minmay_temple_entry_stoned_glass,
          minmay_starry_boxes, uniq_maurice, uniq_crazy_yiuf_cottage
D:8:      layout_basic
D:9:      minmay_sliced_demisemicircle, layout_layer_cave, lemuel_doored_altar,
          mainiacjoe_overflow_tiny_flanked, okawaru_gym_becter,
          david_lair_shrubbed, orc_0_dummy, special_room [special_room_orc],
          jiyva_altar_1
D:10:     layout_irregular_city, fedhas_altar_2, minmay_misc_feat_rows,
          uniq_amaemon
D:11:     layout_long_grid, nicolae_inconvenience_store, moated_statue
D:12:     nicolae_cairo_tiling_large, layout_loops_ring,
          gammafunk_ghost_fury_of_okawaru, chequers_mini_garden
D:13:     layout_irregular_city, skrybe_vaults_entry_preservation, drop_trap
D:14:     layout_rooms, wad_floor_pattern_untrapped,
          nicolae_houndstooth_variations
D:15:     grunt_enter_depths_giant_problem, layout_long_grid,
          lemuel_crystal_altar, chequers_serial_rivers_small_a,
          nicolae_shop_firing_range
Temple:   nicolae_temple_bog_church
Lair:1:   layout_regular_city, nicolae_lair_grove_arrangements,
          chequers_serial_rivers_micro_a, worms_lemuel, uniq_urug, uniq_nergalle
Lair:2:   layout_gridlike, elwin_shoals_entry_stream, serial_bayou_lagoon_b,
          infiniplex_staircase_pool
Lair:3:   layout_concentric_octagons, spider_nest_entry_funnel_web,
          infiniplex_staircase_pool_2
Lair:4:   layout_regular_city, slime_entry_2, nicolae_quartered_pool_little,
          serial_bayou_crossing, lemuel_fruit_fields
Lair:5:   due_jungle_book, layout_misc_corridors, gauntlet_entry_generic,
          lightli_volcano_entry_magma_tube, serial_bayou_lake_a,
          serial_bayou_shore_b
Shoals:1: layout_shoals, nicolae_shoals_sun_and_surf, uniq_mlioglotl
Shoals:2: gammafunk_sealed_arena, layout_shoals, uniq_louise
Shoals:3: layout_shoals, nicolae_shoals_pincushion_passage
Shoals:4: shoals_end_hellmonk_storm_palace [storm_palace_center_circular,
          storm_palace_corner_blocked, storm_palace_corner_grid,
          storm_palace_corner_pillars, storm_palace_corner_grid]
Spider:1: layout_spider_delve, drop_trap
Spider:2: layout_spider_delve
Spider:3: layout_spider_delve, nicolae_spider_claw_tunnel, uniq_arachne,
          uniq_roxanne, uniq_mara
Spider:4: spider_rune_water, uniq_nikola
Orc:1:    layout_diamond_mine
Orc:2:    pf_orc_diabolical, layout_diamond_mine, uniq_donald
Elf:1:    eino_elf_arrival_customs, layout_gridlike,
          nicolae_trove_entry_isolated, serial_shops, nicolae_shop_dealshenge,
          minmay_elf_sorcery
Elf:2:    elven_hall_of_blades_hangedman_original
          [nicolae_blade_entry_diamond_columns], layout_loops_ring,
          serial_shops, nicolae_shop_tiny_waterfront,
          nicolae_shop_bloodbath_and_beyond, shop, nicolae_shop_trees,
          nicolae_zig_zag_zippers, uniq_azrael
Elf:3:    nooodl_elf_gasket, layout_geoelf_grid, serial_sigils,
          serial_sigils_hangedman_carve, serial_sigils_hangedman_leer,
          serial_sigils_hangedman_writhe, serial_sigils_hangedman_gnaw
Vaults:1: nicolae_vaults_heist, nicolae_vaults_loss_of_containment,
          nicolae_vaults_door_testing_chamber, hangedman_vaults_cutoff,
          nicolae_vaults_windows_and_doors_thing, nicolae_vaults_asterisk,
          nicolae_vaults_diamond_2, nicolae_vaults_rhombus_6,
          vaults_room_corners, nicolae_vaults_tetromino_Z_1,
          hangedman_vaults_trim, layout_vaults_chaotic_city
Vaults:2: minmay_crypt_entry_simple_box, ontoclasm_vaults_ligature,
          nicolae_vaults_mitosis, nicolae_vaults_storage_closets_3, v_misc_25,
          v_rooms_6, nicolae_vaults_ninety_degrees,
          nicolae_vaults_border_crossing, nicolae_vaults_trapezoid_1,
          nicolae_vaults_taking_the_gang_shopping,
          nicolae_vaults_trapezoid_lopsided_1,
          nicolae_vaults_offset_grid_hallway_1, vaults_room_pools,
          layout_vaults_maze_bifur, serial_shops, bzr_firewalk, uniq_bai_suzhen
Vaults:3: infiniplex_enter_wizlab_spiral, v_misc_25,
          nicolae_vaults_network_periphery, nicolae_vaults_meeting,
          hangedman_vaults_trim, nicolae_vaults_shelves_hall,
          nicolae_vaults_two_Ls, vaults_room_pool, v_misc_15,
          layout_vaults_omnigrid, serial_shops, shop
Vaults:4: portal_desolation_entry_garden, v_misc_29, vaults_room_octagon,
          v_alt_pattern_2, nicolae_vaults_network_quinsquares
          [nicolae_vaults_network_quincunx_subvault,
          nicolae_vaults_network_quincunx_subvault,
          nicolae_vaults_network_quincunx_subvault,
          nicolae_vaults_network_quincunx_subvault],
          nicolae_vaults_weapon_check, nicolae_vaults_shipping_containers_5,
          ontoclasm_vaults_spin, v_pattern_2, nicolae_vaults_house_1,
          serial_ice_b, nicolae_vaults_rhombus_5, nicolae_vaults_little_ls,
          layout_vaults_omnicross
Vaults:5
Crypt:1:  layout_chaotic_city, grunt_crypt_arrival_guarded_gate, uniq_mennas
Crypt:2:  layout_rooms, grunt_ministairs_7
Crypt:3:  due_elkab, layout_chaotic_city
Depths:1: layout_gridlike, ebering_ghost_reflecting_pool, serial_shops, shop,
          hell_entry, grunt_decor_junction, nrook_kobold_shadow_demons,
          minmay_shop_star
Depths:2: minmay_open_boxes_in_corner, layout_basic, abyss_entry,
          minmay_misc_feat_alley, hell_entry, rand_demon_pan_entry_5
Depths:3: kennysheep_cluttered_fort, layout_cave_pools, abyss_entry_crystal,
          hell_entry, uniq_margery, uniq_enchantress
Depths:4: grunt_zot_entry_tricorne, layout_gridville, enter_ziggurat_f,
          abyss_entry_flame_altar, grunt_mini_vestibule,
          chequers_decorated_corner, hangedman_corner_corridor
Zot:1:    layout_misc_corridors, regret_index_zotdec_abyssal_star_handed

Skill      XL: |  1  2  3  4  5  6  7  8  9 10 11 12 13 14 15 16 17 18 19 20 21 22 23 24 25 |
---------------+----------------------------------------------------------------------------+-----
Fighting       | 2 3 4 8 10 13 15 16 19 20 23 25 27 | 27.0
Shapeshifting  | 4 5 7 8 10 13 15 16 17 19 20 21 23 25 | 25.2
Unarmed Combat | 4 6 10 11 14 15 18 20 22 25 27 | 27.0
Dodging        | 3 5 6 10 | 10.0
Translocations | 5 8 11 | 11.0

Action                     |  1- 3 |  4- 6 |  7- 9 | 10-12 | 13-15 | 16-18 | 19-21 | 22-24 | 25-27 || total
---------------------------+-------+-------+-------+-------+-------+-------+-------+-------+-------++-------
  Melee: Unarmed           |   106 |   197 |   204 |   490 |   872 |  1180 |  1103 |  1217 |   384 ||  5753
         Tailslap          |     9 |    17 |    17 |     5 |   147 |   194 |   206 |   225 |    67 ||   887
         Punch             |     1 |     3 |     2 |     3 |    88 |   108 |   128 |   161 |    74 ||   568
         Constrict         |       |       |    28 |   118 |       |       |       |       |       ||   146
         Bite              |       |       |       |     3 |   111 |   130 |   126 |   157 |    53 ||   580
   Cast: Lesser Beckoning  |       |       |       |       |       |     1 |       |       |       ||     1
 Invoke: Heavenly Storm    |       |       |       |       |     3 |    10 |     6 |     2 |     1 ||    22
         Serpent's Lash    |       |       |       |       |     1 |    10 |     9 |     3 |     2 ||    25
Ability: Nullifying Breath |       |       |     2 |       |     2 |       |       |     2 |     1 ||     7
         Lunge             |       |       |     9 |    33 |    78 |   122 |   114 |   144 |    54 ||   554
         Whirlwind         |       |       |       |     7 |   125 |   188 |   137 |   185 |    33 ||   675
         Wall Jump         |       |       |       |       |     1 |     5 |     5 |     1 |       ||    12
  Evoke: Wand              |       |       |     9 |     9 |     7 |     2 |     1 |       |       ||    28
    Use: Potion            |     1 |       |       |     5 |     1 |     3 |     1 |     1 |       ||    12
         Scroll            |       |     4 |     1 |    19 |    18 |     8 |     7 |    11 |     1 ||    69
   Stab: Sleeping          |       |     3 |       |       |     1 |     1 |     2 |     3 |       ||    10
         Distracted        |       |       |       |       |     2 |     1 |     1 |     3 |     1 ||     8
         Invisible         |       |       |       |       |       |       |       |     1 |       ||     1
 Armour: Skin              |    67 |    95 |    98 |   345 |   708 |  1264 |   725 |   842 |   297 ||  4441
  Dodge: Dodged            |    71 |   104 |   103 |   169 |   317 |   703 |   360 |   455 |   101 ||  2383
   Form: Serpent           |       |       |     1 |       |       |       |       |       |       ||     1
         Dragon            |       |       |       |     1 |     1 |       |       |       |       ||     2
                           |       |       |       |       |     1 |       |       |       |       ||     1

Table legend: (Time is in decaauts)
 A = Elapsed time spent in this place.
 B = Non-inter-level travel time spent in this place.
 C = Inter-level travel time spent in this place.
 D = Time resting spent in this place.
 E = Time spent auto-exploring this place.
 F = Levels seen in this place.
 G = Mean time per level.
                   A        B        C        D        E       F      G
               +--------+--------+--------+--------+--------+-----+--------+
         Total |  61693 |  56286 |   5407 |   4287 |  39925 |  52 | 1186.4 |
       Dungeon |  16641 |  14585 |   2056 |   1332 |  10912 |  15 | 1109.4 |
        Temple |     34 |      2 |     32 |      0 |      0 |   1 |   34.0 |
          Lair |   6157 |   5418 |    739 |    417 |   3868 |   5 | 1231.4 |
        Shoals |   5885 |   5341 |    544 |    441 |   3437 |   4 | 1471.2 |
   Spider Nest |   4626 |   4364 |    262 |    879 |   2457 |   4 | 1156.5 |
  Orcish Mines |   1874 |   1551 |    323 |     68 |    772 |   2 |  937.0 |
   Elven Halls |   4345 |   4014 |    331 |    108 |   2745 |   3 | 1448.3 |
        Vaults |  10655 |   9947 |    708 |    715 |   7352 |   5 | 2131.0 |
         Crypt |   3744 |   3541 |    203 |      0 |   2814 |   3 | 1248.0 |
        Depths |   4992 |   4787 |    205 |    268 |   3865 |   4 | 1248.0 |
           Zot |     29 |     29 |      0 |      0 |      0 |   1 |   29.0 |
        Bazaar |     83 |     83 |      0 |      0 |      3 |   1 |   83.0 |
       Volcano |    193 |    193 |      0 |      0 |      0 |   1 |  193.0 |
        Wizlab |   1060 |   1060 |      0 |      2 |    817 |   1 | 1060.0 |
    Desolation |    943 |    943 |      0 |      6 |    701 |   1 |  943.0 |
      Gauntlet |    426 |    426 |      0 |     49 |    182 |   1 |  426.0 |
               +--------+--------+--------+--------+--------+-----+--------+

Top non-repeatable levels by time:
Vaults:5: 2899 daAuts
     D:9: 2538 daAuts
Vaults:4: 2278 daAuts
Vaults:1: 2006 daAuts
Shoals:4: 1834 daAuts
Vaults:3: 1774 daAuts
     D:6: 1749 daAuts
  Lair:5: 1716 daAuts
Vaults:2: 1697 daAuts
 Crypt:3: 1695 daAuts
Shoals:1: 1649 daAuts
Spider:3: 1586 daAuts
   Elf:3: 1568 daAuts
   Elf:2: 1541 daAuts
     D:7: 1507 daAuts
